 Dungeon Crawl Stone Soup version 0.23.1 (webtiles) character file.

Game seed: 10616859414632029693

9523 nikopol the Spear-Bearer (level 11, 0/148 HPs)
             Began as a Minotaur Berserker on Mar 5, 2019.
             Was a High Priest of Trog.
             Slain by a white ugly thing (26 damage)
             ... on level 10 of the Dungeon.
             The game lasted 00:21:09 (8061 turns).

nikopol the Spear-Bearer (Minotaur Berserker)       Turns: 8061, Time: 00:21:11

Health: 0/148      AC: 14    Str: 31    XL:     11   Next: 24%
Magic:  10/10      EV: 11    Int:  4    God:    Trog [*****.]
Gold:   228        SH:  0    Dex:  9    Spells: 10/10 levels left

rFire    . . .     SeeInvis .   a - +2 trident (holy)
rCold    . . .     Gourm    .   (no shield)
rNeg     . . .     Faith    .   d - +0 chain mail
rPois    +         Spirit   .   (helmet restricted)
rElec    .         Reflect  .   (no cloak)
rCorr    .         Harm     .   y - +1 pair of gloves
MR       .....                  J - +0 pair of boots
Stlth    ..........             E - amulet of the acrobat
HPRegen  0.34/turn              A - +2 ring of slaying
MPRegen  0.12/turn              F - ring of poison resistance

@: berserking, starving, very quick
A: retaliatory headbutt, horns 2
a: Berserk, Trog's Hand, Brothers in Arms, Renounce Religion


You were on level 10 of the Dungeon.
You worshipped Trog.
Trog was extremely pleased with you.
You were starving.

You visited 1 branch of the dungeon, and saw 10 of its levels.

You collected 528 gold pieces.
You spent 300 gold pieces at shops.

Inventory:

Hand Weapons
 a - a +2 trident of holy wrath (weapon)
 z - a +3 longbow of flaming
Missiles
 o - 300 arrows
Armour
 d - a +0 chain mail (worn)
 y - a +1 pair of gloves (worn)
 J - a +0 pair of boots (worn)
Jewellery
 w - a +3 ring of strength
 A - a +2 ring of slaying (left hand)
 E - an amulet of the acrobat (around neck)
 F - a ring of poison resistance (right hand)
Wands
 j - a wand of enslavement (13)
 C - a wand of paralysis (3)
 D - a wand of scattershot (8)
Scrolls
 b - 5 scrolls of identify
 k - 3 scrolls of blinking
 p - a scroll of amnesia
 q - a scroll of enchant armour {unknown}
 r - a scroll of fear {unknown}
 t - a scroll of magic mapping {unknown}
 u - 2 scrolls of noise {unknown}
 v - 3 scrolls of teleportation {unknown}
 x - 4 scrolls of remove curse
 G - a scroll of random uselessness {unknown}
 H - a scroll of acquirement {unknown}
Potions
 e - 7 potions of curing
 f - 4 potions of mutation
 g - a potion of degeneration {unknown}
 h - 2 potions of haste
 i - 7 potions of heal wounds
 l - a potion of might {unknown}
 s - a potion of cancellation {unknown}
 B - 2 potions of ambrosia {unknown}
Comestibles
 c - 22 rations


   Skills:
 + Level 9.9 Fighting
 * Level 12.3 Polearms
 * Level 10.2 Bows
 + Level 8.2 Armour
 + Level 4.4 Dodging
 + Level 0.4 Stealth
 + Level 2.5 Unarmed Combat


You had 10 spell levels left.
You didn't know any spells.
Your spell library was empty.

Dungeon Overview and Level Annotations

Branches:
Dungeon (10/15)            Temple (0/1) D:4             Orc (0/2) D:9
   Lair: D:8-11

Altars:
Ashenzari
Fedhas
Makhleb
Nemelex Xobeh
Okawaru
Qazlal
Ru
Trog
Uskayaw
Wu Jian
Yredelemnul
The Shining One

Shops:
D:5 (   D:7 %   D:9 (!


Innate Abilities, Weirdness & Mutations

You reflexively headbutt those who attack you in melee.
You have a pair of horns on your head.


Message History

You closely miss the white ugly thing.
The white ugly thing is lightly wounded.
You puncture the white ugly thing!
The white ugly thing is lightly wounded.
The white ugly thing kicks you! The white ugly thing freezes you!!
You are too injured to fight recklessly!
You are too injured to fight recklessly!
A red film seems to cover your vision as you go berserk!
You feel yourself moving faster!
You feel mighty!
You are starving!
The white ugly thing kicks you. The white ugly thing freezes you!!
* * * LOW HITPOINT WARNING * * *
You puncture the white ugly thing!
The white ugly thing is moderately wounded.
You hit the white ugly thing but do no damage.
The white ugly thing is moderately wounded.
The white ugly thing kicks you.
* * * LOW HITPOINT WARNING * * *
The white ugly thing freezes you!!
You die...

######### #######
.........# .......
..........# .......
......(...# .......
. .....<....#
.[..... #.#
......)...##u......
..
...........@.....(.
...........#.......
..........##.......
######'### #######
#..# ##.## #..# #
##.## ##+#########
##### #..#
#..........#


You could see a white ugly thing.

Vanquished Creatures
  Erolcha (D:10)
  2 two-headed ogres
  An ugly thing (D:10)
  Psyche (D:8)
  A troll (D:10)
  A hippogriff (D:9)
  Sigmund (D:2)
  4 yaks (D:9)
  Eustachio (D:5)
  2 hungry ghosts
  A water moccasin (D:10)
  2 soldier ants (D:8)
  2 ice beasts
  2 sky beasts
  4 orc warriors
  A black bear (D:10)
  An eye of draining (D:10)
  5 ogres
  2 phantoms
  7 centaurs
  Blork the orc (D:6)
  2 gnoll sergeants
  3 bullfrogs
  2 scorpions
  10 killer bees
  2 howler monkeys
  A crimson imp (D:10)
  A quasit (D:7)
  A bullfrog zombie (D:9)
  3 bullfrog skeletons
  2 hounds
  3 centaur skeletons
  10 orc priests
  2 jellies
  5 iguanas
  Jessica (D:3)
  Ijyb (D:5)
  Terence (D:2)
  6 worker ants
  18 orc wizards
  A killer bee zombie (D:6)
  A worker ant zombie (D:7)
  A howler monkey zombie (D:8)
  15 gnolls
  10 adders
  A howler monkey skeleton (D:6)
  2 shadow imps
  2 oozes
  2 adder skeletons
  2 worms
  7 leopard geckos
  35 orcs
  3 giant cockroaches
  6 goblins
  6 hobgoblins
  16 jackals
  5 quokkas
  A ball python (D:6)
  7 bats
  5 frilled lizards
  8 kobolds
  11 rats
  A spectral orc (D:6)
265 creatures vanquished.

Notes
Turn   | Place    | Note
-------+----------+-------------------------------------------
     0 | D:1      | nikopol the Minotaur Berserker began the quest for the Orb.
     0 | D:1      | Reached XP level 1. HP: 19/19 MP: 0/0
   117 | D:1      | Reached XP level 2. HP: 27/27 MP: 1/1
   161 | D:1      | Reached skill level 4 in Polearms
   682 | D:2      | Noticed Sigmund
   688 | D:2      | Killed Sigmund
   688 | D:2      | Reached skill level 5 in Fighting
   688 | D:2      | Reached skill level 5 in Polearms
   688 | D:2      | Reached XP level 3. HP: 36/36 MP: 2/2
   688 | D:2      | Reached XP level 4. HP: 42/42 MP: 3/3
   688 | D:2      | Reached XP level 5. HP: 48/48 MP: 4/4
   725 | D:2      | Reached ** piety under Trog
   949 | D:2      | Noticed Terence
   957 | D:2      | Killed Terence
  1043 | D:2      | Reached skill level 6 in Polearms
  1044 | D:2      | Reached XP level 6. HP: 38/56 MP: 5/5
  1144 | D:2      | Found an iron altar of Okawaru.
  1632 | D:3      | Found a burning altar of Makhleb.
  1882 | D:3      | Noticed Jessica
  1886 | D:3      | Killed Jessica
  1886 | D:3      | Reached *** piety under Trog
  2243 | D:4      | Reached XP level 7. HP: 63/63 MP: 6/6
  2260 | D:4      | Found a staircase to the Ecumenical Temple.
  2276 | D:4      | Found a bloodstained altar of Trog.
  2319 | D:4      | Reached skill level 7 in Polearms
  2407 | D:4      | Found a stormy altar of Qazlal.
  2468 | D:4      | Found a blossoming altar of Fedhas.
  2569 | D:4      | Reached skill level 5 in Armour
  2764 | D:5      | Entered Level 5 of the Dungeon
  2802 | D:5      | Noticed Eustachio
  2814 | D:5      | Killed Eustachio
  2814 | D:5      | Reached skill level 8 in Polearms
  2851 | D:5      | Reached XP level 8. HP: 59/73 MP: 7/7
  2935 | D:5      | Reached **** piety under Trog
  3052 | D:5      | Reached skill level 9 in Polearms
  3184 | D:5      | Noticed Ijyb
  3254 | D:5      | Killed Ijyb
  3329 | D:5      | Found Hont's Weapon Shoppe.
  3443 | D:6      | Noticed Blork the orc
  3489 | D:6      | Reached skill level 10 in Polearms
  3702 | D:6      | Killed Blork the orc
  3734 | D:6      | Reached skill level 1 in Unarmed Combat
  3736 | D:6      | Found a glowing golden altar of the Shining One.
  3863 | D:6      | Found a sparkling altar of Nemelex Xobeh.
  3939 | D:6      | Reached XP level 9. HP: 81/81 MP: 8/8
  3948 | D:6      | Found a basalt altar of Yredelemnul.
  4121 | D:7      | Found a hide-covered altar of Uskayaw.
  4121 | D:7      | Noticed a +0 hand axe
  4121 | D:7      | Noticed a +0 hand axe
  4330 | D:7      | Reached skill level 1 in Bows
  4382 | D:7      | Reached ***** piety under Trog
  4495 | D:7      | Found Usag Utwall's Food Shop.
  4617 | D:7      | Found a shattered altar of Ashenzari.
  5119 | D:8      | Received a gift from Trog
  5272 | D:8      | Noticed Psyche
  5276 | D:8      | Killed Psyche
  5276 | D:8      | Reached skill level 11 in Polearms
  5465 | D:8      | Reached skill level 5 in Bows
  5615 | D:9      | Reached XP level 10. HP: 41/91 MP: 9/9
  5891 | D:9      | Found an ornate altar of the Wu Jian Council.
  6294 | D:9      | Found a staircase to the Orcish Mines.
  6313 | D:9      | Found Cuam Kai's Weapon Emporium.
  6442 | D:9      | Found Ilyacegg's Distillery.
  6445 | D:9      | Bought a potion of haste for 120 gold pieces
  6445 | D:9      | Bought a potion of heal wounds for 60 gold pieces
  6445 | D:9      | Bought a potion of heal wounds for 60 gold pieces
  6445 | D:9      | Bought a potion of heal wounds for 60 gold pieces
  6460 | D:9      | Noticed a two-headed ogre
  6474 | D:9      | Killed a two-headed ogre
  7017 | D:9      | Found a sacrificial altar of Ru.
  7037 | D:10     | Entered Level 10 of the Dungeon
  7190 | D:10     | Noticed a two-headed ogre
  7200 | D:10     | Killed a two-headed ogre
  7200 | D:10     | Reached skill level 12 in Polearms
  7328 | D:10     | Noticed Erolcha
  7332 | D:10     | Killed Erolcha
  7332 | D:10     | Received a gift from Trog
  7332 | D:10     | Reached XP level 11. HP: 99/99 MP: 10/10
  7641 | D:10     | Noticed a green ugly thing
  7656 | D:10     | Killed a green ugly thing
  7656 | D:10     | Reached skill level 10 in Bows
  8050 | D:10     | Noticed a white ugly thing
  8061 | D:10     | Slain by a white ugly thing

Skill      XL: |  1  2  3  4  5  6  7  8  9 10 11 |
---------------+----------------------------------+-----
Polearms       | 5 6 8 10 11 12 | 12.3
Fighting       | 5 6 7 8 9 |  9.9
Armour         | 3 4 5 6 8 |  8.2
Dodging        | 3 4 |  4.4
Unarmed Combat | 1 2 |  2.5
Bows           | 6 9 10 | 10.2
Stealth        | |  0.4

Action                   |  1- 3 |  4- 6 |  7- 9 | 10-12 || total
-------------------------+-------+-------+-------+-------++-------
Melee: Spear             |    49 |   186 |   349 |   106 ||   690
       Headbutt          |     7 |    22 |    77 |    34 ||   140
       Unarmed           |       |       |    12 |       ||    12
       Trident           |       |       |       |    99 ||    99
       Punch             |       |       |       |     2 ||     2
 Fire: Shortbow          |       |       |    46 |       ||    46
       Longbow           |       |       |    17 |    76 ||    93
Invok: Berserk           |     1 |     2 |     3 |     3 ||     9
       Trog's Hand       |       |       |       |     1 ||     1
  Use: Scroll            |       |       |     7 |     1 ||     8
  Eat: Chunk             |       |     6 |    14 |    11 ||    31
Armor: Chain mail        |    13 |    55 |    99 |    60 ||   227
Dodge: Dodged            |    13 |    66 |   103 |    56 ||   238
